Map: Vallée des cactus EC

Players

CptTripps

  • Race: Protoss Protoss
  • League: Grandmaster

AgCl - Winner!

  • Race: Protoss Protoss
  • League: Grandmaster

VOD

Have the link to the VOD?

Description

Time

  • Played on: June 5, 2015, 9:04 p.m.
  • Length: 5:13
Show
View Real Time Build Order
Export as new Build Order

CptTripps Protoss 

Build Orders:  

Get SALT Encoding   

  12  0:02  Probe  
  13  0:14  Probe  
  13  0:18  Pylon  
  14  0:36  Probe  
  14  0:40  Gateway  
  15  0:47  Assimilator  
  15  0:49  Probe  
  16  1:04  Probe  
  17  1:17  Probe  
  18  1:28  Cybernetics Core  
  18  1:29  Probe  
  19  1:41  Probe  
  20  1:57  Warp Gate  
  20  1:58  Probe  
  21  2:07  Nexus  
  21  2:21  Pylon  
  21  2:40  Mothership Core  
  23  2:55  Gateway  
  23  2:56  Gateway  
  23  2:59  Stalker (Chrono Boost)  
  23  3:01  Probe  
  23  3:13  Probe  
  23  3:25  Probe  
  23  3:32  Probe, Pylon  
  10  4:11  Probe x2  
  10  4:16  Pylon  
  11  4:23  Probe (Chrono Boost)  
  12  4:27  Probe (Chrono Boost)  
  13  4:34  Probe (Chrono Boost)  
  13  4:36  Stalker x2, Probe (Chrono Boost)  
  18  4:39  Probe (Chrono Boost)  
  18  4:45  Probe  
  20  4:53  Probe  
  20  4:57  Probe  
  22  5:05  Stalker  
Show
View Real Time Build Order
Export as new Build Order

AgCl Protoss - Winner!

Build Orders: Oracle Opening, Oracle Opening 

Get SALT Encoding   

  12  0:02  Probe  
  13  0:19  Probe  
  14  0:22  Pylon  
  14  0:40  Probe  
  15  0:44  Gateway  
  15  0:45  Assimilator  
  15  0:52  Probe (Chrono Boost)  
  17  1:05  Probe (Chrono Boost)  
  17  1:12  Probe (Chrono Boost)  
  17  1:13  Pylon  
  18  1:22  Probe  
  19  1:33  Cybernetics Core  
  19  1:34  Probe  
  20  1:46  Probe  
  21  1:48  Zealot (Chrono Boost)  
  22  1:55  Assimilator  
  22  1:58  Probe (Chrono Boost)  
  23  2:07  Pylon  
  23  2:08  Zealot  
  25  2:13  Probe (Chrono Boost)  
  26  2:17  Stargate  
  26  2:20  Probe (Chrono Boost)  
  27  2:33  Mothership Core (Chrono Boost)  
  29  2:47  Probe (Chrono Boost)  
  30  2:58  Gateway  
  30  3:02  Oracle (Chrono Boost)  
  33  3:06  Probe  
  30  3:27  Probe  
  31  3:44  Nexus  
  31  3:49  Probe  
  31  3:50  Void Ray  
  36  4:15  Probe  
  37  4:17  Pylon  
  37  4:27  Probe  
  38  4:39  Probe  
  38  4:42  Gateway  
  38  4:43  Pylon  
  38  4:44  Pylon  
  39  4:51  Assimilator  
  42  5:01  Probe (Chrono Boost)  
  42  5:02  Probe (Chrono Boost)  
Tags
 
Add a new tag
Caveats
  • Supply blocks, unpowered buildings, or Contaminate may cause inaccurate times.
  • Supply counts are checked every 10 seconds.